 Dungeon Crawl Stone Soup version 0.31-a0-267-g3fc6992b3b (webtiles) character file.

Game seed: 4243614630558038011

109 qw the Shooter (level 4, 0/26 HPs)
             Began as a Gargoyle Hexslinger on July 13, 2023.
             Slain by an orc
             ... wielding a +0 flail
              (7 damage)
             ... on level 3 of the Dungeon.
             The game lasted 00:00:52 (2051 turns).

qw the Shooter (Gargoyle Hexslinger)                Turns: 2051, Time: 00:00:53

Health: 0/26       AC:  9    Str: 12    XL:     4   Next: 89%
Magic:  5/5        EV:  7    Int: 13    God:
Gold:   160        SH:  0    Dex: 14    Spells: 4/5 levels left

rFire   . . .        Y - +2 sling
rCold   . . .        (no shield)
rNeg    + . .        f - +0 ring mail
rPois   inf          b - +0 helmet
rElec   +            (no cloak)
rCorr   .            (no gloves)
SInv    .            (no boots)
Will    .....        (no amulet)
Stlth   +            (no ring)
HPRegen 0.24/turn    (no ring)
MPRegen 0.09/turn

%: no passive effects
@: constricted
A: sickness immunity, AC +3, negative energy resistance 1, electricity
resistance, torment resistance 1, petrification resistance
a: no special abilities


You were on level 3 of the Dungeon.
You visited 1 branch of the dungeon, and saw 3 of its levels.

You collected 160 gold pieces.


Innate Abilities, Weirdness & Mutations

You are immune to sickness and miasma.
Your stone body is resilient. (AC +3)
You are immune to poison.
You resist negative energy. (rN+)
You are resistant to electric shocks. (rElec)
You are resistant to unholy torment.
You are immune to petrification.


   Skills:
 - Level 2.0 Fighting
 + Level 4.3 Ranged Weapons
 - Level 1.3 Armour
 - Level 1.5 Dodging
 - Level 1.0 Spellcasting
 - Level 2.6 Hexes


You had 4 spell levels left.
You knew the following spells:

 Your Spells              Type           Power      Damage    Failure   Level
a - Slow                  Hex            28%        N/A       21%         1

Your spell library contained the following spells:

 Spells                   Type           Power      Damage    Failure   Level
 Inner Flame              Hex/Fire       4%         N/A       71%         3
 Portal Projectile        Hex/Tloc       8%         N/A       71%         3
 Cause Fear               Hex            3%         N/A       90%         4

Inventory:

Hand Weapons
 Y - a +2 sling (weapon)
Armour
 b - a +0 helmet (worn)
 f - a +0 ring mail (worn)
Potions
 c - a potion of attraction {unknown}
 d - a potion of berserk rage {unknown}
 g - a potion of brilliance {unknown}

Dungeon Overview and Level Annotations

Branches:
Dungeon (3/15)

Altars:


Message History

The orc closely misses you. The orc hits you but does no damage. x2
You shoot a sling bullet. The sling bullet barely misses the orc.
The orc hits you but does no damage. The orc barely misses you. x2
The orc hits you but does no damage. x2
You shoot a sling bullet. The sling bullet hits the orc.
You kill the orc!
The orc hits you but does no damage. x2
You shoot a sling bullet. The sling bullet hits the orc.
The orc is severely wounded.
The orc completely misses you. The orc hits you but does no damage. x2
You shoot a sling bullet.
The sling bullet closely misses the orc.
The orc closely misses you. x2; The orc misses you.
You shoot a sling bullet.
The sling bullet completely misses the orc.
The orc closely misses you. x2; The orc hits you but does no damage.
The orc hits you with a +0 club. The orc barely misses you.
The orc hits you with a +0 short sword.
You shoot a sling bullet. The sling bullet hits the orc.
You kill the orc!
The dart slug closely misses you. The orc hits you with a +0 flail.
The orc barely misses you.
The ball python bites you but does no damage.
The ball python barely misses you.
You shoot a sling bullet.
The sling bullet hits the orc but does no damage.
The orc completely misses you. The orc closely misses you.
The dart slug launches a dart at you. The slug dart misses you.
The ball python bites you but does no damage.
The ball python misses you.
You shoot a sling bullet.
The sling bullet hits the orc but does no damage.
The orc closely misses you. The orc hits you with a +0 flail.
The ball python closely misses you. The ball python grabs you.
The ball python constricts you. The dart slug launches a dart at you.
The slug dart hits you but does no damage.
The orc hits you with a +0 flail!
You die...

#.......'....###.#
#.......###.....%######..
#)####### #.#............
#'#### ###............
..%..# #............
(...[# #............
.....# #............
..#### #..woS....... ###
#...@o.......
######..##### ../..
....... ....).. .......
....... ....?..


You could see a dart slug, 2 orcs and a ball python.

Vanquished Creatures
  Robin (D:2)
  2 adders (D:2)
  A worm (D:2)
  A dart slug (D:2)
  3 orcs (D:3)
  2 ball pythons (D:1)
  7 bats
  2 endoplasms (D:2)
  2 giant cockroaches
  13 goblins
  11 hobgoblins
  3 jackals (D:2)
  2 quokkas
  5 frilled lizards
  5 kobolds
  6 rats
66 creatures vanquished.

Notes
Turn   | Place    | Note
-------+----------+-------------------------------------------
     0 | D:1      | qw the Gargoyle Hexslinger began the quest for the Orb.
     0 | D:1      | Reached XP level 1. HP: 12/12 MP: 2/2
     0 | D:1      | 0 ||| qw: Version: 0.3-a-52-g30416fa
     0 | D:1      | 0 ||| qw: Game counter: 7748
     0 | D:1      | 0 ||| qw: Melee chars always use a shield: true
     0 | D:1      | 0 ||| qw: God list: Okawaru
     0 | D:1      | 0 ||| qw: Allow faded altars: false
     0 | D:1      | 0 ||| qw: Do Orc after clearing Dungeon:15 true
     0 | D:1      | 0 ||| qw: Do second Lair branch before Depths: true
     0 | D:1      | 0 ||| qw: Lair rune preference: random
     0 | D:1      | 0 ||| qw: Goals: Normal
     0 | D:1      | 0 ||| PLANNING D:1-11
   131 | D:1      | Reached XP level 2. HP: 16/16 MP: 3/3
   264 | D:1      | Reached skill level 3 in Ranged Weapons
   539 | D:1      | 539 ||| UPGRADING to +0 leather armour.
   571 | D:1      | 571 ||| DROPPING +0 robe.
   572 | D:1      | 572 ||| UPGRADING to +0 ring mail.
   582 | D:1      | 582 ||| DROPPING +0 leather armour.
   596 | D:1      | Reached XP level 3. HP: 21/21 MP: 4/4
   808 | D:1      | 808 ||| READING scroll labelled HUURAAKKEET.
   909 | D:1      | 909 ||| READING scroll labelled AMODIQ ABBACWE.
   910 | D:1      | 910 ||| READING scroll labelled ESHRUI NUIGRENO.
   927 | D:1      | 927 ||| DROPPING scroll of poison.
  1000 | D:2      | Noticed Robin
  1006 | D:2      | Killed Robin
  1023 | D:2      | HP: 4/21 [goblin/+0 club[Robin] (3)]
  1083 | D:2      | Reached XP level 4. HP: 22/26 MP: 5/5
  1204 | D:2      | Reached skill level 4 in Ranged Weapons
  1275 | D:2      | Identified the +0 leather armour of Grottiness {Str+2}
  1429 | D:2      | Reached skill level 1 in Armour
  1914 | D:2      | 1914 ||| UPGRADING to +0 helmet.
  1919 | D:2      | 1919 ||| DROPPING +0 leather armour of Grottiness {Str+2}.
  1920 | D:2      | 1920 ||| READING scroll labelled YDAORR USTU.
  1921 | D:2      | 1921 ||| DRINKING 2 sapphire potions.
  1922 | D:2      | 1922 ||| DROPPING potion of magic.
  2038 | D:3      | 2038 ||| Stepping ~*~*~tactically~*~*~ (outnumbered).
  2051 | D:3      | Slain by an orc

Levels and vault maps discovered:
D:1:      lightli_arrival_maybe_door_vault, layout_loops_ring,
          kennysheep_doodads, kennysheep_pointless_box
D:2:      layout_basic, uniq_robin
D:3:      layout_basic, trog_book, gammafunk_ghost_necromancy,
          minmay_quadrilaterals

Skill      XL: |  1  2  3  4 |
---------------+-------------+-----
Ranged Weapons | 3 4 |  4.3
Fighting       | 2 |  2.0
Armour         | 1 |  1.3
Dodging        | |  1.5
Spellcasting   | |  1.0
Hexes          | |  2.6

Action                     |  1- 3 |  4- 6 || total
---------------------------+-------+-------++-------
   Fire: Sling             |   103 |   123 ||   226
    Use: Scroll            |     3 |     1 ||     4
         Potion            |       |     1 ||     1
 Armour: Robe              |     4 |       ||     4
         Leather armour    |     1 |       ||     1
         Ring mail         |    32 |    45 ||    77
  Dodge: Dodged            |    60 |    80 ||   140

Table legend:
 A = Non-vault XP
 B = Vault XP
 C = Vault XP percentage of total XP
 D = Non-vault monster count
 E = Vault monster count
 F = Vault count percentage of total count
                 A         B        C        D         E       F
            +---------+---------+-------+---------+---------+-------
      Total |     123 |      33 |  21.2 |      55 |      11 |  16.7
            +---------+---------+-------+---------+---------+-------
        D:1 |      35 |       0 |   0.0 |      23 |       0 |   0.0
        D:2 |      66 |      33 |  33.3 |      22 |      11 |  33.3
        D:3 |      22 |       0 |   0.0 |      10 |       0 |   0.0
            +---------+---------+-------+---------+---------+-------
